 Dungeon Crawl Stone Soup version 0.17.0-9-g801d43b (console) character file.

43 gw the Skirmisher (level 3, -1/22 HPs)
             Began as a Deep Elf Abyssal Knight on Nov 10, 2015.
             Was a Follower of Lugonu.
             Slain by an adder (2 damage)
             ... on level 2 of the Dungeon.
             The game lasted 00:01:33 (1811 turns).

gw the Skirmisher (Deep Elf Abyssal Knight)         Turns: 1811, Time: 00:01:33

Health: -1/22      AC:  3    Str:  9    XL:     3   Next: 37%
Magic:  6/6        EV: 12    Int: 16    God:    Lugonu [*.....]
Gold:   164        SH:  0    Dex: 15    Spells: 0 memorised, 2 levels left

rFire  . . .     SeeInvis .     a - +1 short sword
rCold  . . .     Clarity  .     b - +0 leather armour
rNeg   . . .     SustAt   .     (no shield)
rPois  .         Gourm    .     d - +0 hat
rElec  .         Spirit   .     (no cloak)
rCorr  .         Warding  .     (no gloves)
rMut   .         Stasis   .     (no boots)
MR     .....                    (no amulet)
Stlth  +.........               (no ring)
                                (no ring)

@: lethally poisoned (-1 -> -11), not resistant to hostile enchantments, very
unstealthy
A: no striking features
a: Depart the Abyss, Renounce Religion


You were on level 2 of the Dungeon.
You worshipped Lugonu.
Lugonu was aware of your devotion.
You were not hungry.

You visited 1 branch of the dungeon, and saw 2 of its levels.
You visited the Abyss 1 time.

You collected 164 gold pieces.

Inventory:

Hand Weapons
 a - a +1 short sword (weapon)
Missiles
 e - 18 arrows
Armour
 b - a +0 leather armour (worn)
 d - a +0 hat (worn)
Comestibles
 c - a bread ration


   Skills:
 + Level 2.8 Fighting
 * Level 2.7 Short Blades
 + Level 1.1 Armour
 - Level 2.4 Dodging
 + Level 2.5 Invocations


You had 2 spell levels left.
You didn't know any spells.

Dungeon Overview and Level Annotations

Branches:
Dungeon (2/15)

Altars:


Message History

The adder poisons you!
Unknown command.
Unknown command.
Unknown command.
Unknown command.
ATTACKING (1,0)
You hit the adder.
The adder is severely wounded.
You feel sick. The adder bites you.
You are more poisoned.
The adder poisons you!
Unknown command.
Unknown command.
Unknown command.
Unknown command.
ATTACKING (1,0)
You hit the adder but do no damage.
The adder is severely wounded.
You feel sick. The adder bites you.
You die...

#.. #.# #.#
#.# #.# #.#
#######+###.##
.............#
......(eS[...#
.............#
.............#
.............#
.)...........#
.............#
#########.####
#.#
#########.#


You could see an adder.

Table legend:
 A = Turns spent in this place as a percentage of turns spent in the entire game.
 B = Non-inter-level travel turns spent in this place as a percentage of non-inter-level travel turns spent in the entire game.
 C = Inter-level travel turns spent in this place as a percentage of turns spent in this place.
 D = Turns resting spent in this place as a percentage of non-inter-level travel turns spent in this place.
 E = Turns spent auto-exploring this place as a percentage of non-inter-level travel turns spent in this place.
 F = Non-inter-level travel turns spent in this place divided by the number of levels of this place that you've seen.
                   A       B       C       D       E      F
               +-------+-------+-------+-------+-------+----------------------
         Total | 100.0 | 100.0 |   0.4 |   0.8 |   2.6 | 734.7
       Dungeon |  97.1 |  97.1 |   0.4 |   0.8 |   2.5 | 1070.0
         Abyss |   2.9 |   2.9 |   0.0 |   0.0 |   6.2 |  64.0
               +-------+-------+-------+-------+-------+----------------------

Table legend:
 A = Kills in this place as a percentage of kills in entire the game.
 B = Kills by you in this place as a percentage of kills by you in the entire game.
 C = Kills by friends in this place as a percentage of kills by friends in the entire game.
 D = Other kills in this place as a percentage of other kills in the entire game.
 E = Experience gained in this place as a percentage of experience gained in the entire game.
 F = Experience gained in this place divided by the number of levels of this place that you have seen.
                   A       B       C       D       E      F
               +-------+-------+-------+-------+-------+----------------------
         Total | 100.0 | 100.0 |  -nan |  -nan | 100.0 |  20.7
       Dungeon | 100.0 | 100.0 |  -nan |  -nan | 100.0 |  31.0
               +-------+-------+-------+-------+-------+----------------------

Vanquished Creatures
  An adder (D:2)
  A ball python (D:1)
  3 bats (D:1)
  2 giant cockroaches (D:1)
  7 goblins
  5 hobgoblins (D:1)
  2 jackals (D:1)
  A giant newt (D:1)
  6 kobolds
  A rat (D:1)
29 creatures vanquished.

Notes
Turn   | Place    | Note
--------------------------------------------------------------
     0 | Abyss:1  | gw the Deep Elf Abyssal Knight began the quest for the Orb.
     0 | Abyss:1  | Reached XP level 1. HP: 13/13 MP: 4/4
    79 | Abyss:1  | Noticed a worldbinder
    79 | D:1      | Escaped the Abyss
   279 | D:1      | Reached skill level 1 in Armour
   310 | D:1      | Reached * piety under Lugonu
   322 | D:1      | Reached XP level 2. HP: 18/18 MP: 5/5
   812 | D:1      | Reached XP level 3. HP: 15/22 MP: 6/6
  1810 | D:2      | HP: 1/22 [adder (2)]
  1811 | D:2      | Slain by an adder

Action                   || total
-------------------------++-------
Melee: Short sword       ||    99
Invok: Depart the Abyss  ||     1
  Eat: Chunk             ||     3

Vault maps used:
D:1:      ncdulo_watergridlock, minmay_misc_feat_rows, roderic_lattice_a,
          hangedman_abyss_or_decor_stabs
D:2:      hangedman_decor_riveting, nicolae_ru_awakened_eye
